 Dungeon Crawl Stone Soup version 0.24.0-37-gcf1ca852f1 (webtiles) character file.

Game seed: 8709845855903143906, levelgen mode: deterministic

308 Mesmaeker13 the Conjurer (level 6, 0/67 HPs)
             Began as a Draconian Conjurer on Dec 2, 2019.
             Slain by an ogre
             ... wielding a +0 giant club
              (16 damage)
             ... on level 4 of the Dungeon.
             The game lasted 00:05:46 (5703 turns).

Mesmaeker13 the Conjurer (Draconian Conjurer)       Turns: 5703, Time: 00:05:47

Health: 0/67       AC: 23    Str:  8 (10) XL:     6   Next: 17%
Magic:  5/11       EV:  2    Int: 17 (18) God:
Gold:   304        SH:  3    Dex:  8 (11) Spells: 6/12 levels left

rFire    . . .     SeeInvis .   j - +0 rapier
rCold    . . .     Gourm    .   m - +0 buckler
rNeg     + + +     Faith    .   (armour unavailable)
rPois    +         Spirit   .   (helmet currently unavailable)
rElec    .         Reflect  .   (cloak currently unavailable)
rCorr    .         Harm     .   (gloves currently unavailable)
MR       +....     NoTele   +   (boots currently unavailable)
Stlth    ++........             (no amulet)
HPRegen  0.21/turn              p - ring of protection from magic
MPRegen  0.12/turn              i - ring of poison resistance

@: tree-form, very slightly contaminated
A: unfitting armour, AC +6
a: no special abilities


You were on level 4 of the Dungeon.
You were hungry.
You were a tree.
You visited 2 branches of the dungeon, and saw 6 of its levels.

You collected 304 gold pieces.

Inventory:

Hand Weapons
 j - a +0 rapier (weapon)
 t - a +2 mace of protection
 u - a +0 trident
Armour
 m - a +0 buckler (worn)
 n - a +0 pair of boots (melded)
Jewellery
 h - an uncursed ring of protection from fire
 i - a ring of poison resistance (right branch)
 p - a ring of protection from magic (left branch)
 x - a cursed -3 ring of evasion {unknown}
Scrolls
 a - a scroll of teleportation {unknown}
 c - a scroll of amnesia {unknown}
 e - a scroll of enchant armour {unknown}
 k - 2 scrolls of remove curse
 o - a scroll of immolation {unknown}
 r - a scroll of noise {unknown}
 v - 2 scrolls of magic mapping
 w - a scroll of fear {unknown}
Potions
 d - 5 potions of degeneration
 f - a potion of mutation {unknown}
 l - a potion of agility {unknown}
 q - 4 potions of lignification
 s - 2 potions of heal wounds {unknown}
 z - a potion of curing {unknown}
Comestibles
 b - 8 rations


   Skills:
 - Level 2.7 Dodging
 - Level 1.7 Stealth
 + Level 2.2 Shields
 + Level 3.7 Spellcasting
 + Level 5.3 Conjurations
 + Level 1.1 Hexes


You had 6 spell levels left.
You knew the following spells:

 Your Spells              Type           Power        Failure   Level  Hunger
a - Magic Dart            Conj           ###.         2%          1    None
b - Searing Ray           Conj           ###...       3%          2    ##.....
c - Dazzling Spray        Conj/Hex       ##....       16%         3    ###....

Your spell library contained the following spells:

 Spells                   Type           Power        Failure   Level  Hunger
 Iskenderun's Mystic Bla  Conj           ###.....     22%         4    ####...
 Fulminant Prism          Conj/Hex       ##........   47%         4    ####...
 Force Lance              Conj/Tloc      ##......     54%         4    ####...


Dungeon Overview and Level Annotations

Branches:
Dungeon (5/15)             Temple (1/1) D:4

Altars:
Ashenzari
Dithmenos
Elyvilon
Fedhas
Gozag
Kikubaaqudgha
Makhleb
Nemelex Xobeh
Okawaru
Qazlal
Trog
Vehumet
Wu Jian
Xom
Zin

Annotations:
D:5 Menkaure


Innate Abilities, Weirdness & Mutations

((Your plain brown scales are hard. (AC +6)))
You cannot fit into any form of body armour.
((You are cold-blooded and may be slowed by cold attacks.))


Message History

Casting: Searing Ray (safe; 3% risk of failure)
Confirm with . or Enter, or press ? or * to list all spells.
Aiming: Searing Ray (safe; 3% risk of failure)
Press: ? - help, Shift-Dir - straight line, f/p - ogre
Aim: an ogre, wielding a +0 giant club The searing ray hits the ogre!
The ogre is moderately wounded. (Press . to maintain the ray.)
You are feeling hungry.
The searing ray hits the ogre.
The ogre is heavily wounded.
The ogre hits you with a +0 giant club.
The searing ray hits the ogre.
The ogre is heavily wounded.
The ogre hits you with a +0 giant club!
* * * LOW HITPOINT WARNING * * *
The searing ray hits the ogre!
The ogre is severely wounded.
You finish channeling your searing ray.
The ogre hits you with a +0 giant club!
You die...

.##..# #####.# ....## #.### ..###
#...## .########## ####..## .#
#......# ##......#### ## #......#
##..##.#..... # #......#
####..##..######
####......########...<#<..###....
##....#.........♣O.#..........###
..........##########.....######
#..#####...#### #......## #..#
##>....####.#.#### ..##
#...#........# .## ###........###
.# #.......## ## ####..#.##.###
#.....#.##...####


You could see an ogre.

Vanquished Creatures
  A crimson imp (D:5)
  A quasit (D:5)
  A hound (D:4)
  Jessica (D:2)
  An iguana (D:5)
  A hound skeleton (D:5)
  4 gnolls (D:4)
  A howler monkey skeleton (D:4)
  3 adders
  An ooze (D:4)
  A worm (D:2)
  4 dart slugs
  2 leopard geckos
  4 orcs (D:5)
  3 bats
  3 giant cockroaches
  2 goblins
  5 hobgoblins
  4 jackals (D:1)
  4 quokkas
  4 frilled lizards
  A jackal skeleton (D:5)
  3 kobolds (D:1)
  3 rats (D:2)
58 creatures vanquished.

Notes
Turn   | Place    | Note
-------+----------+-------------------------------------------
     0 | D:1      | Mesmaeker13 the Draconian Conjurer began the quest for the
                  | Orb.
     0 | D:1      | Reached XP level 1. HP: 14/14 MP: 3/3
   430 | D:1      | Reached XP level 2. HP: 10/20 MP: 0/5
  1472 | D:2      | Noticed Jessica
  1484 | D:2      | Killed Jessica
  1484 | D:2      | Reached XP level 3. HP: 8/26 MP: 0/6
  1763 | D:2      | Found an iron altar of Okawaru.
  2046 | D:2      | Learned a level 2 spell: Searing Ray
  2304 | D:2      | Reached XP level 4. HP: 33/33 MP: 3/8
  3457 | D:4      | Found a staircase to the Ecumenical Temple.
  3497 | Temple   | Entered the Ecumenical Temple
  3597 | D:4      | Reached skill level 1 in Shields
  3852 | D:4      | Reached XP level 5. HP: 38/38 MP: 6/9
  4008 | D:4      | Reached skill level 5 in Conjurations
  4569 | D:5      | Entered Level 5 of the Dungeon
  4574 | D:5      | Learned a level 3 spell: Dazzling Spray
  4618 | D:5      | Found a stormy altar of Qazlal.
  4960 | D:5      | Reached XP level 6. HP: 45/45 MP: 4/11
  5163 | D:5      | Reached skill level 1 in Hexes
  5643 | D:5      | Noticed Menkaure
  5703 | D:4      | Slain by an ogre

Levels and vault maps discovered:
D:1:      dpeg_arrival_radiant, layout_rooms, minmay_misc_feat_rugged
D:2:      cheibrodos_helix_gallery, layout_loops_cross,
          overflow_temple_1_default, uniq_jessica
D:3:      layout_loops_ring
D:4:      layout_rooms, minmay_temple_entry_junction_2
D:5:      lemuel_ice_spiral_2, layout_basic, grunt_qazlal_clouds, first_ration,
          chequers_serial_rivers_small_b, uniq_menkaure
Temple:   nicolae_temple_god_jail

Skill      XL: |  1  2  3  4  5  6 |
---------------+-------------------+-----
Dodging        | 2 |  2.7
Shields        | 1 2 |  2.2
Spellcasting   | 3 |  3.7
Conjurations   | 5 |  5.3
Hexes          | 1 |  1.1
Stealth        | |  1.7

Action                   |  1- 3 |  4- 6 || total
-------------------------+-------+-------++-------
Melee: Unarmed           |    46 |       ||    46
       Tailslap          |     5 |       ||     5
       Rapier            |    12 |     8 ||    20
Throw: Dart              |     1 |     9 ||    10
 Cast: Magic Dart        |    56 |    72 ||   128
       Searing Ray       |     2 |    11 ||    13
  Use: Scroll            |       |     3 ||     3
       Potion            |       |     2 ||     2
  Eat: Chunk             |     5 |     7 ||    12
       Ration            |       |     1 ||     1
Armor: Skin              |    19 |    17 ||    36
Dodge: Dodged            |    46 |    32 ||    78
Block: Buckler           |       |    12 ||    12
